 Dungeon Crawl Stone Soup version 0.26.1-11-gd32895ea62 (webtiles) character file.

Game seed: 2356467532724486827

32 vvl the Insei (level 3, 0/26 HPs)
             Began as a Merfolk Transmuter on July 5, 2021.
             Slain by an adder (4 damage)
             ... on level 2 of the Dungeon.
             The game lasted 00:02:14 (1157 turns).

vvl the Insei (Merfolk Transmuter)                  Turns: 1157, Time: 00:02:15

Health: 0/26       AC:  2    Str: 11    XL:     3   Next: 27%
Magic:  6/6        EV: 13    Int: 12    God:
Gold:   14         SH:  0    Dex: 14    Spells: 5/6 levels left

rFire    . . .     SeeInvis .   b - +0 spear
rCold    . . .     Faith    .   (no shield)
rNeg     . . .     Spirit   .   a - +0 robe
rPois    .         Reflect  .   (no helmet)
rElec    .         Harm     .   (no cloak)
rCorr    .         Rampage  .   (no gloves)
Will     .....                  (no boots)
Stlth    +.........             (no amulet)
HPRegen  0.08/turn              (no ring)
MPRegen  0.10/turn              (no ring)

@: lethally poisoned (0 -> -5)
A: change form in water, swift swim, stealthy swim
a: no special abilities


You were on level 2 of the Dungeon.
You visited 1 branch of the dungeon, and saw 2 of its levels.

You collected 14 gold pieces.

Inventory:

Hand Weapons
 b - a +0 spear (weapon)
Armour
 a - a +0 robe (worn)
Scrolls
 c - a scroll of enchant weapon {unknown}
 d - a scroll of blinking {unknown}
 e - a scroll of immolation {unknown}
Potions
 f - a potion of heal wounds {unknown}
 g - a potion of degeneration {unknown}


   Skills:
 + Level 1.3 Fighting
 * Level 1.0 Polearms
 + Level 0.2 Armour
 * Level 3.3 Dodging
 + Level 0.5 Shields
 + Level 3.4 Unarmed Combat
 + Level 2.1 Spellcasting
 * Level 3.1 Transmutations
 + Level 0.4 Evocations


You had 5 spell levels left.
You knew the following spells:

 Your Spells              Type           Power        Failure   Level
a - Beastly Appendage     Tmut           16%          8%          1

Your spell library contained the following spells:

 Spells                   Type           Power        Failure   Level
 Wereblood                Tmut           8%           11%         2
 Spider Form              Tmut/Pois      2%           38%         3
 Ice Form                 Ice/Tmut       5%           80%         4
 Blade Hands              Tmut           4%           90%         5


Dungeon Overview and Level Annotations

Branches:
Dungeon (2/15)

Altars:


Message History

You feel sick. The leopard gecko bites you. The adder bites you.
You hit the adder but do no damage.
The adder is almost dead.
You feel sick. The leopard gecko bites you. The adder closely misses you. x2
The leopard gecko bites you.
* * * LOW HITPOINT WARNING * * *
You are too injured to fight recklessly!
Unknown command.
You are too injured to fight recklessly!
You are too injured to fight recklessly!
You hit the adder but do no damage.
The adder is almost dead.
The adder bites you.
* * * LOW HITPOINT WARNING * * *
The leopard gecko closely misses you.
You miss the adder.
The adder is almost dead.
* * * LOW HITPOINT WARNING * * *
You feel sick. The adder bites you.
You die...

#.# .. #.# #....
#.# #..(.
##.########
....##..........
###...#..........
.........l......
#####.#.#..@S......
...................
#....#.#.########
#....$...#
#....#...#
#...<#.......
#....#..>....
.................
##########.......


You could see an adder and a leopard gecko.

Vanquished Creatures
  4 dart slugs (D:1)
  A leopard gecko (D:1)
  3 goblins
  A hobgoblin (D:1)
  2 jackals (D:1)
  3 bats (D:1)
  4 frilled lizards (D:1)
  4 kobolds (D:1)
  2 rats (D:1)
24 creatures vanquished.

Notes
Turn   | Place    | Note
-------+----------+-------------------------------------------
     0 | D:1      | vvl the Merfolk Transmuter began the quest for the Orb.
     0 | D:1      | Reached XP level 1. HP: 15/15 MP: 3/3
    72 | D:1      | Reached XP level 2. HP: 21/21 MP: 5/5
   631 | D:1      | Reached XP level 3. HP: 10/26 MP: 6/6
  1113 | D:1      | Reached skill level 1 in Polearms
  1157 | D:2      | Slain by an adder

Illustrated notes

Levels and vault maps discovered:
D:1:      lightli_arrival_chessboard, layout_loops_ring
D:2:      layout_basic, minitemple, serial_bayou_lagoon_a

Skill      XL: |  1  2  3 |
---------------+----------+-----
Dodging        | 3 |  3.3
Transmutations | 3 |  3.1
Polearms       | 1 |  1.0
Fighting       | |  1.3
Armour         | |  0.2
Shields        | |  0.5
Unarmed Combat | |  3.4
Spellcasting   | |  2.1
Evocations     | |  0.4

Action                   || total
-------------------------++-------
Melee: Spear             ||    89
       Unarmed           ||     3
 Cast: Beastly Appendage ||     1
 Stab: Sleeping          ||     6
Armor: Robe              ||    12
Dodge: Dodged            ||    57
